 Dungeon Crawl Stone Soup version 0.29.1-2-gbd0b4ee654 (webtiles) character file.

Game seed: 7799642945049892353

102 styxcanada the Sneak (level 4, 0/23 HPs)
             Began as a Spriggan Brigand on Nov 7, 2022.
             Slain by a gnoll
             ... wielding a +0 halberd
             ... led by a gnoll bouda
              (14 damage)
             ... while paralysed by Grinder
             ... on level 4 of the Dungeon.
             The game lasted 00:09:03 (3951 turns).

styxcanada the Sneak (Spriggan Brigand)             Turns: 3951, Time: 00:09:05

Health: 0/23       AC:  3    Str:  7    XL:     4   Next: 49%
Magic:  6/6        EV:  4    Int: 12    God:
Gold:   173        SH:  0    Dex: 18    Spells: 3/5 levels left

rFire   . . .      SeeInvis +   a - +3 dagger
rCold   . . .      Faith    .   (no shield)
rNeg    . . .      Spirit   .   b - +0 robe
rPois   .          Reflect  .   (helmet restricted)
rElec   .          Harm     .   c - +0 cloak
rCorr   +          Rampage  .   (gloves unavailable)
Will    .....                   (boots unavailable)
Stlth   ++++......              (no amulet)
HPRegen 0.07/turn               r - ring of resist corrosion
MPRegen 0.10/turn               (no ring)

@: paralysed, very quick
A: very small, no large weapons, unfitting armour, see invisible, speed 3
a: no special abilities


You were on level 4 of the Dungeon.
You visited 1 branch of the dungeon, and saw 4 of its levels.

You collected 173 gold pieces.

Inventory:

Hand Weapons
 a - a +3 dagger (weapon)
Missiles
 d - 7 poisoned darts (quivered)
 e - 3 curare-tipped darts
 i - 43 stones
Armour
 b - a +0 robe (worn)
 c - a +0 cloak (worn)
Jewellery
 f - a ring of ice
 o - an amulet of faith
 r - a ring of resist corrosion (left hand)
Scrolls
 n - a scroll of blinking
Potions
 g - a potion of berserk rage
 j - a potion of haste
 l - 2 potions of heal wounds
 p - a potion of cancellation {unknown}
 s - 2 potions of curing {unknown}


   Skills:
 * Level 2.0 Fighting
 + Level 2.5 Short Blades
 + Level 2.0 Throwing
 * Level 2.0 Dodging
 * Level 7.8 Stealth
 * Level 1.2 Spellcasting
 * Level 0.2 Hexes
 * Level 0.4 Ice Magic


You had 3 spell levels left.
You knew the following spells:

 Your Spells              Type           Power      Damage    Failure   Level
a - Ensorcelled Hibernat  Hex/Ice        2%         N/A       36%         2

Your spell library contained the following spells:

 Spells                   Type           Power      Damage    Failure   Level
 Beastly Appendage        Tmut           0%         N/A       30%         1
 Foxfire                  Conj/Fire      0%         2x1d4     30%         1
 Passwall                 Tmut/Erth      0%         N/A       41%         2
 Wereblood                Tmut           0%         N/A       41%         2
 Inner Flame              Hex/Fire       1%         N/A       63%         3
 Conjure Flame            Conj/Fire      0%         6-21      65%         3
 Gell's Gravitas          Tloc           0%         N/A       65%         3
 Spider Form              Tmut/Pois      0%         N/A       65%         3
 Swiftness                Air            0%         N/A       65%         3
 Teleport Other           Tloc           0%         N/A       65%         3
 Flame Wave               Conj/Fire      0%         2d4       96%         4
 Dispersal                Tloc           0%         N/A       100%        6


Dungeon Overview and Level Annotations

Branches:
Dungeon (4/15)
 Temple: D:4-7

Altars:
The Shining One

Shops:
D:3 [

Annotations:
D:4 Grinder


Innate Abilities, Weirdness & Mutations

You are very small and have problems with some larger weapons.
You are too small for most types of armour.
You have supernaturally acute eyesight. (SInv)
You cover ground extremely quickly. (Speed+++)


Message History

The gnoll hits you with a +0 club!
You closely miss the gnoll. The gnoll closely misses you.
The gnoll bouda shouts!
You hit the gnoll.
The gnoll is lightly wounded.
A gnoll comes into view. It is wielding a +0 halberd.
The gnoll closely misses you.
The gnoll bouda barks out a call to the hunt!
The gnolls pick up the pace!
The gnoll barely misses you.
The gnoll bouda gazes fiercely through you!
You feel your attacks grow feeble.
Throw: 9 darts (poison)
Press: ? - help, Q - select action, (/) - cycle Shift-Dir - straight line, f - gnoll
Aim: a gnoll, wielding a +0 club (lightly wounded, covering ground quickly, 66% to hit)
You throw a poisoned dart.
The poisoned dart closely misses the gnoll.
The poisoned dart hits the gnoll.
The gnoll hits you with a +0 club.
Your attacks no longer feel as feeble.
Throw: 8 darts (poison)
Press: ? - help, Q - select action, (/) - cycle Shift-Dir - straight line, f/p - gnoll
Aim: a gnoll, wielding a +0 club (lightly wounded, covering ground quickly, 66% to hit)
You throw a poisoned dart. The poisoned dart hits the gnoll.
The gnoll is lightly wounded.
The gnoll closely misses you. The gnoll misses you.
Grinder comes into view.
Found a stone staircase leading down.
Grinder shouts!
You hear a shout! x2
A hobgoblin and a kobold come into view.
The hobgoblin shouts!
You hit Grinder but do no damage. Grinder misses you.
A giant cockroach comes into view.
The gnoll is no longer moving quickly. x2; The kobold throws a stone.
The stone misses you. Grinder gestures at you.
You suddenly lose the ability to move!
The gnoll hits you from afar with a +0 halberd!
Ouch! That really hurt!
You die...

##......<.....#..
................# .
.............##.....
#...##.......##
..... #..# #.####.<#
.### ..# ##. #..## #
.##.. ##g# ##...
......##..#.....#
#......@g.K.....#
#........5#.....#
##...............
#...........#....
.......g.....#.#.
............####
...........##
..B....#...#


You could see Grinder, 2 gnolls, a giant cockroach (wandering), a hobgoblin and
a kobold.

Vanquished Creatures
  A hound (D:3)
  A gnoll (D:1)
  An adder (D:2)
  An ufetubus (D:3)
  A worm (D:2)
  2 orcs (D:3)
  4 endoplasms
  2 giant cockroaches
  6 goblins
  3 hobgoblins
  2 quokkas
  5 ball pythons
  3 bats
  3 frilled lizards
  4 kobolds
  5 rats
44 creatures vanquished.

Notes
Turn   | Place    | Note
-------+----------+-------------------------------------------
     0 | D:1      | styxcanada the Spriggan Brigand began the quest for the
                  | Orb.
     0 | D:1      | Reached XP level 1. HP: 10/10 MP: 2/2
    81 | D:1      | Reached skill level 6 in Stealth
    95 | D:1      | Found a faded altar of an unknown god.
   199 | D:1      | Reached XP level 2. HP: 15/15 MP: 3/3
  1595 | D:2      | Reached XP level 3. HP: 18/18 MP: 4/4
  1800 | D:2      | Reached skill level 7 in Stealth
  2901 | D:3      | Learned a level 2 spell: Ensorcelled Hibernation
  3095 | D:3      | Reached skill level 1 in Spellcasting
  3190 | D:3      | Reached XP level 4. HP: 17/23 MP: 6/6
  3303 | D:3      | Found a glowing golden altar of the Shining One.
  3328 | D:3      | Found Sewk's Antique Armour Shoppe.
  3943 | D:4      | Noticed Grinder
  3951 | D:4      | Paralysed by Grinder for 4 turns
  3951 | D:4      | Slain by a gnoll

Illustrated notes

Levels and vault maps discovered:
D:1:      saegor_arrival_under_anarchy, layout_basic,
          shapermc_ecumenical_altar_gd
D:2:      layout_basic
D:3:      layout_basic, nicolae_tso_swordbearing_angel, serial_shops, shop
D:4:      layout_cave_pools, minitemple, uniq_grinder

Skill      XL: |  1  2  3  4 |
---------------+-------------+-----
Stealth        | 6 7 |  7.8
Spellcasting   | 1 |  1.2
Fighting       | 2 |  2.0
Dodging        | 2 |  2.0
Short Blades   | |  2.5
Throwing       | |  2.0
Hexes          | |  0.2
Ice Magic      | |  0.4

Action                   |  1- 3 |  4- 6 || total
-------------------------+-------+-------++-------
Melee: Dagger            |    90 |     8 ||    98
Throw: Dart              |     5 |     2 ||     7
  Use: Scroll            |     6 |     3 ||     9
 Stab: Sleeping          |    14 |     1 ||    15
       Distracted        |     1 |       ||     1
Armor: Robe              |    10 |       ||    10
Dodge: Dodged            |    54 |     9 ||    63
